 Dungeon Crawl Stone Soup version 0.23-a0-419-g0174fd8 (webtiles) character file.

656 JeffiDaFish the Purveyor of Pain (level 7, -1/37 HPs)
             Began as a Deep Elf Necromancer on Nov 12, 2018.
             Was an Initiate of Kikubaaqudgha.
             Slain by an ice beast (5 damage)
             ... on level 5 of the Dungeon.
             The game lasted 00:13:08 (4196 turns).

JeffiDaFish the Purveyor of Pain (DENe)             Turns: 4196, Time: 00:13:08

Health: -1/37      AC:  3    Str:  5    XL:     7   Next: 29%
Magic:  0/18       EV: 15    Int: 25    God:    Kikubaaqudgha [......]
Gold:   298        SH:  0    Dex: 15    Spells: 11/18 levels left

rFire    + . .     SeeInvis .   f - +2 dagger (speed)
rCold    . . .     Gourm    .   (no shield)
rNeg     . . .     Faith    .   a - +0 robe
rPois    +         Spirit   .   (no helmet)
rElec    .         Reflect  .   (no cloak)
rCorr    .         Harm     .   (no gloves)
MR       .....                  (no boots)
Stlth    ++........             (no amulet)
HPRegen  0.52/turn              d - ring of protection from fire
MPRegen  0.16/turn              n - +3 ring of intelligence

@: no status effects
A: repulsion field 1, rugged brown scales 1, poison resistance, regeneration 1,
evolution 1
a: Renounce Religion


You were on level 5 of the Dungeon.
You worshipped Kikubaaqudgha.
Kikubaaqudgha was noncommittal.
You were not hungry.

You visited 2 branches of the dungeon, and saw 6 of its levels.

You collected 298 gold pieces.

Inventory:

Hand Weapons
 f - a +2 dagger of speed (weapon)
Armour
 a - a +0 robe (worn)
Jewellery
 d - a ring of protection from fire (left hand)
 i - an uncursed ring of resist corrosion
 n - a +3 ring of intelligence (right hand)
Wands
 m - a wand of digging (2)
 p - a wand of acid (4)
Scrolls
 b - a scroll of amnesia
 e - 8 scrolls of identify
 h - a scroll of remove curse
Potions
 g - 3 potions of cancellation
 j - a potion of brilliance
 k - 2 potions of curing
 l - a potion of heal wounds
Comestibles
 c - 6 rations
 o - 5 chunks of flesh


   Skills:
 + Level 3.0 Short Blades
 - Level 2.4 Dodging
 - Level 2.4 Stealth
 + Level 6.0 Spellcasting
 * Level 8.8 Necromancy


You had 11 spell levels left.
You knew the following spells:

 Your Spells              Type           Power        Failure   Level  Hunger
a - Pain                  Necr           ####         1%          1    None
b - Vampiric Draining     Necr           ######....   1%          3    None
c - Regeneration          Chrm/Necr      ####......   3%          3    None

Your spell library contained the following spells:

 Spells                   Type           Power        Failure   Level  Hunger
 Animate Skeleton         Necr           N/A          1%          1    None
 Animate Dead             Necr           N/A          1%          4    ###....


Dungeon Overview and Level Annotations

Branches:
Dungeon (5/15)             Temple (1/1) D:4

Altars:
Ashenzari
Cheibriados
Elyvilon
Fedhas
Gozag
Hepliaklqana
Kikubaaqudgha
Makhleb
Nemelex Xobeh
Okawaru
Qazlal
Ru
Sif Muna
Trog
Uskayaw
Vehumet
Wu Jian
Xom
Yredelemnul
Zin

Annotations:
D:3 2 runed doors, Danwar's ghost, amateur TeMo
D:4 2 transporters


Innate Abilities, Weirdness & Mutations

You are surrounded by a mild repulsion field. (EV +2)
You are partially covered in rugged brown scales. (AC +1, +3% HP)
Your system is resistant to poisons. (rPois)
Your natural rate of healing is unusually fast.
You evolve.


Message History

Aim: an ice beast (heavily wounded, chance to defeat MR: 84%)
The ice beast writhes in agony!
The ice beast misses you.
Casting: Pain (safe; 1% risk of failure)
Confirm with . or Enter, or press ? or * to list all spells.
Aiming: Pain (safe; 1% risk of failure)
Press: ? - help, Shift-Dir - straight line, f/p - ice beast
Aim: an ice beast (severely wounded, chance to defeat MR: 84%)
The ice beast writhes in agony!
The ice beast hits you. The ice beast freezes you!
* * * LOW HITPOINT WARNING * * *
Casting: Pain (safe; 1% risk of failure)
Confirm with . or Enter, or press ? or * to list all spells.
Aiming: Pain (safe; 1% risk of failure)
Press: ? - help, Shift-Dir - straight line, f/p - ice beast
Aim: an ice beast (almost dead, chance to defeat MR: 84%)
The ice beast writhes in agony!
The ice beast hits you.
* * * LOW HITPOINT WARNING * * *
The ice beast freezes you.
You die...
Kikubaaqudgha rasps: "You have failed me!
Welcome... death!"

.....#####.........###
#...............#J#
###.............#^# ..
#######.###.........######### ###
.##.....####.#.##...'....^+?#.#..
.......).#...#......#########..>#
........)..#####....#^# ....#
........<..####..#..#5# ..?.#
................@Y..#######..#
.......(........#.#.........#
..........####.##..######.#######
..........##.[.###.### #....>...
..........#..# #...# #########
.##......#..# ###.## ###
####........## #..# ###..
###..)....### ##.#######...#
#...##....######....#....###


You could see an ice beast.

Vanquished Creatures
  Duvessa (D:5)
  An ogre (D:5)
  Dowan (D:5)
  A howler monkey (D:4)
  A crimson imp (D:5)
  A centaur zombie (D:5)
  A bullfrog skeleton (D:5)
  2 hounds
  A gnoll (D:1)
  13 adders
  5 oozes
  A worm (D:2)
  4 leopard geckos
  An orc (D:2)
  2 giant cockroaches
  2 gnoll zombies (D:2)
  5 goblins
  10 hobgoblins
  5 bats
  7 frilled lizards
  8 kobolds
  A leopard gecko zombie (D:5)
  11 rats
85 creatures vanquished.

Notes
Turn   | Place    | Note
-------+----------+-------------------------------------------
     0 | D:1      | JeffiDaFish the Deep Elf Necromancer began the quest for
                  | the Orb.
     0 | D:1      | Reached XP level 1. HP: 10/10 MP: 6/6
    41 | D:1      | Reached skill level 5 in Necromancy
    41 | D:1      | Reached XP level 2. HP: 7/15 MP: 0/8
   859 | D:1      | Reached XP level 3. HP: 19/19 MP: 7/9
   864 | D:1      | Learned a level 3 spell: Vampiric Draining
  1156 | D:1      | Reached skill level 6 in Necromancy
  1600 | D:2      | Learned a level 3 spell: Regeneration
  1620 | D:2      | Found a faded altar of an unknown god.
  1673 | D:2      | Reached XP level 4. HP: 19/24 MP: 6/11
  1685 | D:2      | Found a burning altar of Makhleb.
  1685 | D:2      | Found a snail-covered altar of Cheibriados.
  1690 | D:2      | Found a shimmering altar of Xom.
  1692 | D:2      | Found a faded altar of an unknown god.
  1693 | D:2      | Found a faded altar of an unknown god.
  1816 | D:2      | Found a basalt altar of Yredelemnul.
  2449 | D:3      | Reached XP level 5. HP: 26/28 MP: 9/13
  2486 | D:3      | Reached skill level 7 in Necromancy
  2746 | D:3      | Found a runed door.
  2747 | D:3      | Noticed Danwar's ghost (amateur TeMo)
  2891 | D:3      | Reached skill level 1 in Short Blades
  2943 | D:3      | Found a runed door.
  3245 | D:4      | Found a staircase to the Ecumenical Temple.
  3253 | Temple   | Entered the Ecumenical Temple
  3301 | Temple   | Became a worshipper of Kikubaaqudgha
  3370 | D:4      | Found a transporter.
  3374 | D:4      | Found a transporter.
  3403 | D:4      | Found a bloodstained altar of Trog.
  3419 | D:4      | Reached XP level 6. HP: 22/32 MP: 1/15
  3536 | D:4      | Gained mutation: Your system is resistant to poisons.
                  | (rPois) [potion of mutation]
  3536 | D:4      | Gained mutation: You evolve. [potion of mutation]
  3536 | D:4      | Gained mutation: You are partially covered in rugged brown
                  | scales. (AC +1, +3% HP) [potion of mutation]
  3536 | D:4      | Gained mutation: You are surrounded by a mild repulsion
                  | field. (EV +2) [potion of mutation]
  3739 | D:4      | Gained mutation: Your natural rate of healing is unusually
                  | fast. [evolution]
  3751 | D:5      | Entered Level 5 of the Dungeon
  3751 | D:5      | Noticed Dowan
  3752 | D:5      | Noticed Duvessa
  3828 | D:5      | Reached skill level 5 in Spellcasting
  3895 | D:5      | Killed Duvessa
  3895 | D:5      | Reached skill level 8 in Necromancy
  3985 | D:5      | Killed Dowan
  4035 | D:5      | Reached XP level 7. HP: 33/37 MP: 8/17
  4196 | D:5      | Slain by an ice beast

Vault maps used:
D:1:      minmay_arrival_loop
D:2:      lemuel_zombie_altar_yredelemnul, chequers_temple_overflow_minitemple,
          chequers_ecumenical_altar_lobes
D:3:      ebering_ghost_sewer_f, st_stairs_1
D:4:      gammafunk_steamed_eel, overflow_temple_1_default,
          minmay_temple_entry_large_hall, first_ration
D:5:      grunt_tough_drop, uniq_duvessa, uniq_grinder
Temple:   eino_wide_crystal_templ

Skill      XL: |  1  2  3  4  5  6  7 |
---------------+----------------------+-----
Necromancy     | 5 6 7 8 |  8.8
Spellcasting   | 4 5 6 |  6.0
Short Blades   | 1 2 3 |  3.0
Dodging        | |  2.4
Stealth        | |  2.4

Action                   |  1- 3 |  4- 6 |  7- 9 || total
-------------------------+-------+-------+-------++-------
Melee: Short sword       |     2 |       |       ||     2
       Dagger            |     9 |    91 |    31 ||   131
 Cast: Pain              |    44 |    67 |    17 ||   128
       Vampiric Draining |     2 |    15 |     3 ||    20
       Regeneration      |       |     3 |     2 ||     5
  Use: Scroll            |     2 |     7 |       ||     9
       Potion            |     2 |     6 |       ||     8
 Stab: Sleeping          |     9 |     7 |       ||    16
  Eat: Chunk             |     2 |     6 |       ||     8
       Ration            |       |     1 |       ||     1
Armor: Robe              |       |    12 |     5 ||    17
Dodge: Dodged            |    14 |    52 |    26 ||    92

Table legend:
 A = Non-vault XP
 B = Vault XP
 C = Vault XP percentage of total XP
 D = Non-vault monster count
 E = Vault monster count
 F = Vault count percentage of total count
                 A         B        C        D         E       F
            +---------+---------+-------+---------+---------+-------
      Total |     702 |     236 |  25.2 |      78 |       7 |   8.2
            +---------+---------+-------+---------+---------+-------
        D:1 |      54 |       0 |   0.0 |      26 |       0 |   0.0
        D:2 |     129 |       3 |   2.3 |      23 |       2 |   8.0
        D:3 |      63 |      10 |  13.7 |      15 |       3 |  16.7
        D:4 |     128 |       0 |   0.0 |       6 |       0 |   0.0
        D:5 |     328 |     223 |  40.5 |       8 |       2 |  20.0
            +---------+---------+-------+---------+---------+-------
